 Dungeon Crawl Stone Soup version 0.26.0-18-gc5c842f807 (webtiles) character file.

Game seed: 79678918830625543

93 Gauvater the Stinger (level 4, 0/30 HPs)
             Began as a Formicid Venom Mage on Jan 22, 2021.
             Slain by an orc wizard
             ... wielding a +0 dagger of venom
              (2 damage)
             ... on level 3 of the Dungeon.
             The game lasted 00:15:00 (2379 turns).

Gauvater the Stinger (Formicid Venom Mage)          Turns: 2379, Time: 00:15:01

Health: 0/30       AC:  2    Str: 13    XL:     4   Next: 92%
Magic:  6/8        EV: 12    Int: 15    God:
Gold:   93         SH:  0    Dex: 11    Spells: 8/9 levels left

rFire    . . .     SeeInvis +   b - +0 short sword
rCold    . . .     Faith    .   (no shield)
rNeg     . . .     Spirit   .   a - +0 robe
rPois    .         Reflect  .   (helmet unavailable)
rElec    .         Harm     .   (no cloak)
rCorr    .         Rampage  .   (no gloves)
Will     .....                  (no boots)
Stlth    ++........             (no amulet)
HPRegen  0.10/turn              (no ring)
MPRegen  0.11/turn              (no ring)

@: lethally poisoned (0 -> -8)
A: permanent stasis, dig shafts and tunnels, four strong arms, antennae 3
a: Dig, Shaft Self


You were on level 3 of the Dungeon.
You visited 1 branch of the dungeon, and saw 3 of its levels.

You collected 93 gold pieces.

Inventory:

Hand Weapons
 b - a +0 short sword (weapon)
Missiles
 d - 46 arrows
 f - 101 stones
 k - 18 bolts
Armour
 a - a +0 robe (worn)
Scrolls
 c - 5 scrolls of identify {unknown}
 e - a scroll of noise {unknown}
 g - a scroll of remove curse {unknown}
 l - a scroll of blinking {unknown}
 m - a scroll of enchant armour {unknown}
 n - a scroll of enchant weapon {unknown}
Potions
 h - 3 potions of curing {unknown}
 i - a potion of resistance {unknown}
 j - a potion of degeneration {unknown}


   Skills:
 + Level 1.9 Dodging
 + Level 2.7 Stealth
 + Level 3.0 Spellcasting
 + Level 2.7 Transmutations
 + Level 5.2 Poison Magic


You had 8 spell levels left.
You knew the following spells:

 Your Spells              Type           Power        Failure   Level
a - Sting                 Tmut/Pois      56%          3%          1

Your spell library contained the following spells:

 Spells                   Type           Power        Failure   Level
 Poisonous Vapours        Pois/Air       20%          11%         2
 Ignite Poison            Fire/Tmut/Pois 10%          21%         3
 Olgreb's Toxic Radiance  Pois           18%          22%         4
 Mephitic Cloud           Conj/Pois/Air  7%           28%         3


Dungeon Overview and Level Annotations

Branches:
Dungeon (3/15)

Altars:


Innate Abilities, Weirdness & Mutations

You cannot be hasted, slowed, berserked, paralysed or teleported.
You can dig through walls and to a lower floor.
Your four strong arms can wield two-handed weapons with a shield.
You have a pair of large antennae on your head. (SInv)


Message History

The sting hits the orc wizard.
The orc wizard is poisoned.
The orc wizard is heavily wounded.
The orc wizard hits you with a +0 dagger of venom.
You are poisoned.
You feel sick. The orc wizard misses you.
You feel sick.
The orc wizard gestures at you while chanting.
The puff of frost hits you!
You feel sick.
You feel sick.
You feel sick.
The orc wizard looks more healthy.
The orc wizard points at you and mumbles some strange words.
The magic dart hits you!
* * * LOW HITPOINT WARNING * * *
Found 12 gold pieces.
* * * LOW HITPOINT WARNING * * *
You feel sick.
Found a stone staircase leading up.
The orc wizard hits you with a +0 dagger of venom.
You die...

#.#.#..# .# .. ....+
..# .. #...####..## #
. #. #....P.....{..
.<## #. ##.........
... #....#. ........#
....
..$....####....##
....r
.......@o.oo....#...#
..#.#########r.<..#
#..#........
#.###..#.... #.# ..#
#.. #.# ..# . #r.#
..# [.... #.#
r......# .#


You could see 2 orc wizards, an orc and a rat.

Vanquished Creatures
  A worker ant (D:2)
  2 adders
  A leopard gecko (D:1)
  An orc (D:3)
  2 giant cockroaches
  8 goblins
  8 hobgoblins
  2 jackals (D:1)
  2 ball pythons (D:2)
  8 bats
  5 frilled lizards
  6 kobolds
  4 rats
50 creatures vanquished.

Notes
Turn   | Place    | Note
-------+----------+-------------------------------------------
     0 | D:1      | Gauvater the Formicid Venom Mage began the quest for the
                  | Orb.
     0 | D:1      | Reached XP level 1. HP: 13/13 MP: 3/3
   176 | D:1      | Reached XP level 2. HP: 19/19 MP: 1/5
   815 | D:1      | Reached XP level 3. HP: 24/24 MP: 2/6
  1455 | D:2      | Reached XP level 4. HP: 30/30 MP: 6/8
  2004 | D:2      | Reached skill level 5 in Poison Magic
  2379 | D:3      | Slain by an orc wizard

Illustrated notes

Levels and vault maps discovered:
D:1:      matt_arrival_los_fun, layout_basic, minmay_statues_item
D:2:      layout_basic
D:3:      layout_rooms, corexii_shack

Skill      XL: |  1  2  3  4 |
---------------+-------------+-----
Transmutations | 2 |  2.7
Spellcasting   | 3 |  3.0
Poison Magic   | 5 |  5.2
Dodging        | |  1.9
Stealth        | |  2.7

Action                   |  1- 3 |  4- 6 || total
-------------------------+-------+-------++-------
Melee: Short sword       |       |     6 ||     6
 Cast: Sting             |    53 |    22 ||    75
 Abil: Dig               |     2 |     1 ||     3
Armor: Robe              |     4 |     5 ||     9
Dodge: Dodged            |    16 |     9 ||    25
